 Dungeon Crawl Stone Soup version 0.16.2-2-g470672f (webtiles) character file.

1078 andalon the Covered (level 8, -7/71 HPs)
             Began as a Minotaur Fighter on Sept 4, 2015.
             Was a Believer of Nemelex Xobeh.
             Mangled by an orc warrior
             ... wielding a +0 short sword
              (9 damage)
             ... on level 6 of the Dungeon.
             The game lasted 00:32:49 (5814 turns).

andalon the Covered (Minotaur Fighter)              Turns: 5814, Time: 00:32:51

Health: -7/71      AC:  7    Str: 21    XL:     8   Next: 8%
Magic:  3/3        EV: 17    Int:  7    God:    Nemelex Xobeh [**....]
Gold:   261        SH: 11    Dex: 15    Spells: 0 memorised, 7 levels left

rFire  . . .     SeeInvis .     a - +0 war axe
rCold  . . .     Clarity  .     b - +0 scale mail
rNeg   . . .     SustAb   .     c - +0 shield
rPois  .         Gourm    .     (helmet restricted)
rElec  .         Spirit   .     (no cloak)
rCorr  .         Warding  .     (no gloves)
rMut   .         Stasis   .     (no boots)
MR     +....                    (no amulet)
Stlth  +.........               s - ring of protection from magic
                                m - +2 ring of evasion

@: agile, somewhat resistant to hostile enchantments, very unstealthy
A: retaliatory headbutt, horns 2
a: Renounce Religion


You were on level 6 of the Dungeon.
You worshipped Nemelex Xobeh.
Nemelex Xobeh was pleased with you.
You were not hungry.

You visited 2 branches of the dungeon, and saw 7 of its levels.

You collected 261 gold pieces.

Inventory:

Hand weapons
 a - a +0 war axe (weapon)
 D - a +0 shortbow
Missiles
 t - 20 arrows of dispersal
 B - 12 arrows of flame
 C - 10 arrows
Armour
 b - a +0 scale mail (worn)
 c - a +0 shield (worn)
Jewellery
 m - a +2 ring of evasion (left hand)
 o - an uncursed ring of positive energy
 s - a ring of protection from magic (right hand)
 v - a cursed ring of teleportation
 z - an uncursed ring of magical power {unknown}
Magical devices
 u - a wand of paralysis (13)
 y - a wand of digging (10)
 I - a wand of flame (43)
Scrolls
 f - 4 scrolls of identify
 h - a scroll of teleportation
 i - a scroll of magic mapping
 n - 4 scrolls of remove curse
 q - a scroll of amnesia
 r - a scroll of fog
 G - a scroll of recharging
Potions
 e - a potion of might
 k - a potion of curing
 p - 2 potions of flight
 F - a potion of haste
Miscellaneous
 w - a plain deck of destruction {drawn: 1}
 x - an ornate deck of war {drawn: 1}
 K - an ornate deck of war
Comestibles
 d - 6 bread rations
 g - a beef jerky
 j - 5 meat rations
 l - 4 fruits
 E - a slice of pizza


   Skills:
 + Level 6.4 Fighting
 + Level 5.0 Axes
 + Level 6.5 Armour
 + Level 3.6 Dodging
 + Level 1.1 Stealth
 + Level 6.4 Shields


You had 7 spell levels left.
You didn't know any spells.

Dungeon Overview and Level Annotations

Branches:
Dungeon (6/15)             Temple (1/1) D:4

Altars:
Ashenzari
Cheibriados
Dithmenos
Elyvilon
Gozag
Makhleb
Nemelex Xobeh
Qazlal
Ru
Sif Muna
Trog
Vehumet
Yredelemnul
The Shining One

Shops:
D:5 =


Innate Abilities, Weirdness & Mutations

You reflexively headbutt those who attack you in melee.
You have a pair of horns on your head.


Message History

Aim: an orc, wielding a trident and wearing a chain mail The acid hits the orc.
The acid corrodes the orc's equipment!
You kill the orc!
The centaur closely misses you. You furiously retaliate!
You headbutt the centaur!
The orc warrior hits you with a short sword!
* * * LOW HITPOINT WARNING * * *
Something hits you.
* * * LOW HITPOINT WARNING * * *
You hit the centaur.
You kill the centaur!
You have reached level 8!
You feel agile.
You hit the orc warrior but do no damage.
The orc warrior is severely wounded.
You barely miss something. Something hits you.
* * * LOW HITPOINT WARNING * * *
The orc warrior hits you with a short sword!
You die...
Your body disappears without a glow.

# ###### ...
#######.....#
....###.(..(......#
......){..(.<......##
..?....o@...........#
#......))...........#
...................#
...................#
................####
######...##......
.....<.......
.............
...........


You could see an orc warrior.

Vanquished Creatures
  The ghost of DizzySkin the Conjurer, an average DECj (D:4)
  An ice beast (D:5)
  2 centaurs
  2 ogres
  A scorpion (D:5)
  A wasp zombie (D:5)
  A crimson imp (D:5)
  A hound (D:4)
  2 orc wizards (D:4)
  Natasha (thrice) (D:5)
  5 worker ants
  Jessica (D:3)
  7 adders
  2 worms
  3 adder skeletons
  An adder zombie (D:5)
  6 giant geckos
  2 oozes
  6 orcs
  13 bats
  A bat skeleton (D:4)
  4 giant cockroaches
  9 goblins
  14 hobgoblins
  9 jackals
  10 kobolds
  3 quokkas
  3 ball pythons
  3 giant newts
  A quokka skeleton (D:4)
  14 rats
132 creatures vanquished.

Vanquished Creatures (others)
  A wizard (D:4)
1 creature vanquished.

Grand Total: 133 creatures vanquished

Notes
Turn   | Place    | Note
--------------------------------------------------------------
     0 | D:1      | andalon, the Minotaur Fighter, began the quest for the Orb.
     0 | D:1      | Reached XP level 1. HP: 19/19 MP: 1/1
   351 | D:1      | Reached skill level 4 in Armour
   409 | D:1      | Reached XP level 2. HP: 27/27 MP: 1/1
  1098 | D:2      | Reached XP level 3. HP: 32/34 MP: 2/2
  1479 | D:2      | Reached XP level 4. HP: 39/41 MP: 2/2
  2248 | D:3      | Reached skill level 1 in Dodging
  2295 | D:3      | Found a sparkling altar of Nemelex Xobeh.
  2295 | D:3      | Noticed Jessica
  2301 | D:3      | Killed Jessica
  2307 | D:3      | Became a worshipper of Nemelex Xobeh the Trickster
  2375 | D:3      | Received a gift from Nemelex Xobeh
  2600 | D:3      | Found a sparkling altar of Nemelex Xobeh.
  2607 | D:3      | Reached XP level 5. HP: 45/47 MP: 2/2
  2794 | D:4      | Found a bloodstained altar of Trog.
  2796 | D:4      | Noticed a wizard
  2800 | D:4      | Killed a wizard
  3165 | D:4      | Reached skill level 5 in Fighting
  3175 | D:4      | Reached skill level 5 in Armour
  3281 | D:4      | Found a staircase to the Ecumenical Temple.
  3288 | Temple   | Entered the Ecumenical Temple
  3376 | D:4      | Reached XP level 6. HP: 56/56 MP: 3/3
  3399 | D:4      | Received a gift from Nemelex Xobeh
  3407 | D:4      | Noticed an ogre
  3411 | D:4      | Noticed DizzySkin's ghost (average DECj)
  3414 | D:4      | Killed an ogre
  3414 | D:4      | Reached skill level 5 in Shields
  3422 | D:4      | Killed DizzySkin's ghost
  3572 | D:4      | Reached skill level 1 in Stealth
  4185 | D:5      | Entered Level 5 of the Dungeon
  4219 | D:5      | Reached XP level 7. HP: 46/62 MP: 3/3
  4396 | D:5      | Reached skill level 6 in Armour
  4568 | D:5      | Noticed Natasha
  4577 | D:5      | Killed Natasha
  4693 | D:5      | Noticed Natasha
  4699 | D:5      | Killed Natasha
  5019 | D:5      | Reached skill level 5 in Axes
  5244 | D:5      | Found Aracalel's Jewellery Shoppe.
  5245 | D:5      | Noticed Natasha
  5255 | D:5      | Killed Natasha
  5414 | D:5      | Found a deep blue altar of Sif Muna.
  5481 | D:6      | Received a gift from Nemelex Xobeh
  5813 | D:6      | HP: 3/63 [something (3)]
  5814 | D:6      | Reached XP level 8. HP: 3/71 MP: 3/3
  5814 | D:6      | Mangled by an orc warrior

Action                   |  1- 3 |  4- 6 |  7- 9 || total
-------------------------+-------+-------+-------++-------
Melee: War axe           |    81 |   161 |   110 ||   352
Evoke: Deck              |       |       |     2 ||     2
  Use: Scroll            |     3 |    11 |     1 ||    15
       Potion            |     3 |     2 |     2 ||     7
  Eat: Chunk             |       |     7 |     4 ||    11
       Pizza             |       |     1 |       ||     1
       Fruit             |       |     1 |     3 ||     4
